 Dungeon Crawl Stone Soup version 0.30-a0-702-gdf48620a09 (webtiles) character file.

Game seed: 8269627991614490515

510 rddays123 the Chopper (level 6, -1/56 HPs)
             Began as a Minotaur Fighter on Jan 22, 2023.
             Slain by a black bear (5 damage)
             ... on level 4 of the Dungeon.
             The game lasted 00:06:00 (2749 turns).

rddays123 the Chopper (Minotaur Fighter)            Turns: 2749, Time: 00:06:00

Health: -1/56      AC:  8    Str: 23    XL:     6   Next: 98%
Magic:  5/5        EV:  9    Int:  5    God:
Gold:   320        SH:  4    Dex:  9    Spells: 5/5 levels left

rFire   . . .      SeeInvis .    a - +0 war axe
rCold   . . .      Faith    .    c - +0 buckler
rNeg    + . .      Spirit   .    b - +0 scale mail
rPois   .          Reflect  .    (helmet restricted)
rElec   .          Harm     .    (no cloak)
rCorr   .          Rampage  .    l - +0 pair of gloves
Will    .....                    (no boots) Stlth
                                 (no amulet)
HPRegen 0.29/turn                j - ring of positive energy
MPRegen 0.09/turn                (no ring)

@: no status effects
A: horns 2, retaliatory headbutt
a: no special abilities


You were on level 4 of the Dungeon.
You visited 1 branch of the dungeon, and saw 4 of its levels.

You collected 320 gold pieces.

Inventory:

Hand Weapons
 a - a +0 war axe (weapon)
 q - the +9 whip of the Lumpy Spirits {antimagic, rElec rCorr Int+4 Stlth+}
   (You found it on level 3 of the Dungeon)

   Int:       It affects your intelligence (+4).
   rElec:     It insulates you from electricity.
   rCorr:     It protects you from acid and corrosion.
   Stlth:     It makes you more stealthy.
Missiles
 s - a throwing net (quivered)
Armour
 b - a +0 scale mail (worn)
 c - a +0 buckler (worn)
 e - a +0 plate armour
 l - a +0 pair of gloves (worn)
Jewellery
 j - a ring of positive energy (left hand)
 r - a +6 ring of intelligence
Scrolls
 g - 2 scrolls of noise {unknown}
 h - 5 scrolls of teleportation
 i - 3 scrolls of identify {unknown}
 k - 2 scrolls of immolation {unknown}
 m - a scroll of silence
 n - a scroll of vulnerability {unknown}
 p - 2 scrolls of fog {unknown}
 t - a scroll of enchant weapon {unknown}
Potions
 d - 3 potions of might
 f - a potion of haste {unknown}
 o - a potion of flight {unknown}
 u - a potion of cancellation {unknown}
 v - a potion of magic {unknown}


   Skills:
 + Level 5.6 Fighting
 + Level 6.8 Axes
 + Level 5.4 Armour
 - Level 3.9 Shields


You had 5 spell levels left.
You didn't know any spells.
Your spell library contained the following spells:

 Spells                   Type           Power      Damage    Failure   Level
 Portal Projectile        Hex/Tloc       0%         N/A       99%         3
 Tukima's Dance           Hex            0%         N/A       99%         3
 Blade Hands              Tmut           0%         N/A       100%        5


Dungeon Overview and Level Annotations

Branches:
Dungeon (4/15)
 Temple: D:4-7

Altars:


Innate Abilities, Weirdness & Mutations

You have a pair of horns on your head.
You reflexively headbutt those who attack you in melee.


Message History

You hit the black bear but do no damage.
The black bear is severely wounded.
The black bear bites you but does no damage.
The black bear claws you. x2; The black bear bites you!
You block the black bear's attack. The black bear claws you.
You barely miss the black bear.
The black bear is severely wounded.
The black bear barely misses you. You block the black bear's attack.
The black bear claws you. The black bear bites you!
The black bear claws you. x2
* * * LOW HITPOINT WARNING * * *
You barely miss the black bear.
The black bear is severely wounded.
The black bear barely misses you. The black bear claws you.
* * * LOW HITPOINT WARNING * * *
You block the black bear's attack.
You barely miss the black bear.
The black bear is severely wounded.
The black bear bites you.
* * * LOW HITPOINT WARNING * * *
The black bear claws you.
* * * LOW HITPOINT WARNING * * *
You block the black bear's attack. x2
The black bear claws you but does no damage. x2
You hit the black bear. You headbutt the black bear.
The black bear is almost dead.
The black bear barely misses you. You furiously retaliate!
You headbutt the black bear, but do no damage.
The black bear barely misses you.
The black bear claws you but does no damage.
The black bear bites you but does no damage.
The black bear claws you but does no damage.
The black bear claws you.
* * * LOW HITPOINT WARNING * * *
You hit the black bear. Your headbutt misses the black bear.
The black bear is almost dead.
The black bear bites you but does no damage.
The black bear closely misses you.
The black bear claws you but does no damage.
The black bear bites you.
You die...

....##.##.......##.####.#.####..#
...... ...............#.#....#..#
###### ......#......#.#.#....#..#
..... ................##..##..#
##### ..........###.........# #
#.##.......# ##.#.###### ##
...........####...# .##
...#............## ..#
#..@.....†..## ..#
#....h...###'##### ..###
##....##.#.....#.#### .....
.........#.....#....# .##.#
#.###.#.. .#.....#.<#.## ..#.# ..
#.#....#.....##..... ..#.#####..
#.######.#.#.######. ..#........
##.#......#.#......#. .##........
...#....###.###....#.


You could see a black bear (berserk).

Vanquished Creatures
  A black bear (D:4)
  A scorpion (D:4)
  A gnoll bouda (D:4)
  2 orc wizards (D:4)
  18 gnolls
  2 adders
  2 dart slugs (D:1)
  An orc (D:4)
  8 endoplasms
  9 giant cockroaches
  8 goblins
  8 hobgoblins
  6 jackals
  2 kobolds
  A quokka (D:4)
  5 ball pythons
  5 bats
  3 frilled lizards
  3 kobold zombies (D:4)
  An orc zombie (D:4)
  5 rats
92 creatures vanquished.

Vanquished Creatures (others)
  A plant (D:1)
1 creature vanquished.

Grand Total: 93 creatures vanquished

Notes
Turn   | Place    | Note
-------+----------+-------------------------------------------
     0 | D:1      | rddays123 the Minotaur Fighter began the quest for the Orb.
     0 | D:1      | Reached XP level 1. HP: 19/19 MP: 0/0
   229 | D:1      | Reached XP level 2. HP: 27/27 MP: 1/1
   398 | D:1      | Reached skill level 3 in Axes
   480 | D:1      | Reached XP level 3. HP: 32/33 MP: 2/2
  1451 | D:3      | Reached skill level 4 in Axes
  1451 | D:3      | Reached XP level 4. HP: 41/41 MP: 3/3
  1829 | D:3      | Reached XP level 5. HP: 47/47 MP: 4/4
  1865 | D:3      | Identified the +9 whip of the Lumpy Spirits {antimagic,
                  | rElec rCorr Int+4 Stlth+}
  2022 | D:4      | Reached skill level 5 in Axes
  2155 | D:4      | Reached skill level 5 in Fighting
  2283 | D:4      | Reached XP level 6. HP: 52/56 MP: 5/5
  2333 | D:4      | Reached skill level 6 in Axes
  2436 | D:4      | Reached skill level 5 in Armour
  2749 | D:4      | Slain by a black bear

Illustrated notes

Levels and vault maps discovered:
D:1:      elethiomel_arrival_quiet, layout_basic, nicolae_grassy_gnolls
D:2:      layout_rooms, minmay_worlds_worst_comb
D:3:      layout_loops_ring
D:4:      layout_rooms, mainiacjoe_overflow_alcove_3, kennysheep_minor_cross,
          minmay_mini_ossuary

Skill      XL: |  1  2  3  4  5  6 |
---------------+-------------------+-----
Fighting       | 4 5 |  5.6
Axes           | 3 4 5 6 |  6.8
Armour         | 4 5 |  5.4
Shields        | |  3.9

Action                   |  1- 3 |  4- 6 || total
-------------------------+-------+-------++-------
Melee: War axe           |    70 |   142 ||   212
       Headbutt          |     6 |    22 ||    28
  Use: Scroll            |     2 |       ||     2
Armor: Scale mail        |    35 |    74 ||   109
Dodge: Dodged            |    28 |    68 ||    96
Block: Buckler           |    11 |    43 ||    54

Table legend: (Time is in decaauts)
 A = Elapsed time spent in this place.
 B = Non-inter-level travel time spent in this place.
 C = Inter-level travel time spent in this place.
 D = Time resting spent in this place.
 E = Time spent auto-exploring this place.
 F = Levels seen in this place.
 G = Mean time per level.
                   A        B        C        D        E       F      G
               +--------+--------+--------+--------+--------+-----+--------+
         Total |   2811 |   2728 |     83 |    286 |   1837 |   4 |  702.8 |
       Dungeon |   2811 |   2728 |     83 |    286 |   1837 |   4 |  702.8 |
               +--------+--------+--------+--------+--------+-----+--------+

Top non-repeatable levels by time:
     D:1: 944 daAuts
     D:3: 851 daAuts
     D:4: 576 daAuts
     D:2: 439 daAuts
